 Dungeon Crawl Stone Soup version 0.25-a0-516-g7d600cd9ad (webtiles) character file.

Game seed: 17993994438491800540, levelgen mode: deterministic

15789 ReteAZ the Nimble (level 12, -9/94 HPs)
             Began as a Gnoll Wanderer on Feb 17, 2020.
             Was an Elder of Cheibriados.
             Mangled by a six-headed hydra (11 damage)
             ... on level 3 of the Lair of Beasts.
             The game lasted 00:22:40 (13804 turns).

ReteAZ the Nimble (Gnoll Wanderer)                 Turns: 13804, Time: 00:22:40

Health: -9/94      AC: 17    Str: 24    XL:     12   Next: 30%
Magic:  13/22      EV: 12    Int: 29    God:    Cheibriados [****..]
Gold:   245        SH: 12    Dex: 28    Spells: 25/25 levels left

rFire    + . .     SeeInvis .   b - +7 morningstar of Twilight {vorpal, Int+3 Dex+2}
rCold    . . .     Gourm    .   U - -1 kite shield (curse)
rNeg     . . .     Faith    .   x - +0 plate armour
rPois    .         Spirit   .   V - +0 helmet (curse)
rElec    .         Reflect  .   (no cloak)
rCorr    .         Harm     .   (no gloves)
MR       .....                  P - +2 pair of boots {Stlth+}
Stlth    +.........             Z - amulet of the acrobat
HPRegen  0.25/turn              W - ring of protection from fire
MPRegen  0.18/turn              (no ring)

@: very slow
A: distributed training, fangs 1, strong nose
a: Bend Time, Temporal Distortion, Slouch, Renounce Religion


You were on level 3 of the Lair of Beasts.
You worshipped Cheibriados.
Cheibriados was greatly pleased with you.
You were very full.

You visited 3 branches of the dungeon, and saw 15 of its levels.

You collected 634 gold pieces.
You spent 389 gold pieces at shops.

Inventory:

Hand Weapons
 a - a +2 hand crossbow
 b - the +7 morningstar of Twilight (weapon) {vorpal, Int+3 Dex+2}
   (You bought it in a shop on level 9 of the Dungeon)

   It inflicts extra damage upon your enemies.
   It affects your intelligence (+3).
   It affects your dexterity (+2).
 q - a +4 whip
 D - a +0 whip of flaming
 O - a +0 great sword of holy wrath
 T - a +0 whip of electrocution
Missiles
 m - 377 stones
 p - 44 poisoned darts (quivered)
 u - 34 bolts
 J - 3 throwing nets
Armour
 w - a +1 pair of boots
 x - a +0 plate armour (worn)
 y - a +0 kite shield
 A - a +1 ring mail of cold resistance
 P - a +2 pair of boots of stealth (worn)
 S - +0 steam dragon scales
 U - a cursed -1 kite shield (worn)
 V - a cursed +0 helmet (worn)
Jewellery
 j - an uncursed amulet of rage
 F - an uncursed amulet of the gourmand
 W - a ring of protection from fire (left hand)
 Z - an amulet of the acrobat (around neck)
Wands
 c - a wand of disintegration (17)
 e - a wand of flame (44)
 N - a wand of digging (4)
Scrolls
 g - 5 scrolls of teleportation {unknown}
 h - 4 scrolls of enchant weapon {unknown}
 i - 11 scrolls of remove curse
 k - 8 scrolls of identify
 n - 3 scrolls of fear {unknown}
 o - a scroll of noise {unknown}
 s - 6 scrolls of amnesia {unknown}
 t - a scroll of vulnerability {unknown}
 z - 5 scrolls of magic mapping {unknown}
 C - 5 scrolls of enchant armour
 E - 3 scrolls of immolation
 G - 2 scrolls of blinking
 I - a scroll of summoning {unknown}
 K - a scroll of holy word {unknown}
 L - a scroll of random uselessness {unknown}
 R - a scroll of fog {unknown}
Potions
 d - 2 potions of curing
 l - 4 potions of heal wounds
 r - a potion of berserk rage
 v - a potion of haste
 B - 2 potions of magic {unknown}
 H - 2 potions of flight {unknown}
 M - 3 potions of lignification {unknown}
 Q - a potion of invisibility
 X - a potion of resistance {unknown}
 Y - a potion of agility
Comestibles
 f - 31 rations


   Skills:
 + Level 8.5 Fighting
 + Level 7.0 Short Blades
 + Level 7.0 Long Blades
 + Level 7.0 Axes
 + Level 7.0 Maces & Flails
 + Level 7.0 Polearms
 + Level 7.0 Staves
 + Level 7.0 Slings
 + Level 7.0 Bows
 + Level 8.5 Crossbows
 + Level 7.5 Throwing
 + Level 7.0 Armour
 + Level 8.5 Dodging
 + Level 8.3 Stealth
 + Level 7.0 Shields
 + Level 7.0 Unarmed Combat
 + Level 7.0 Spellcasting
 + Level 5.8 Conjurations
 + Level 5.8 Hexes
 + Level 5.8 Charms
 + Level 5.8 Summonings
 + Level 5.8 Necromancy
 + Level 5.8 Translocations
 + Level 5.8 Transmutations
 + Level 5.8 Fire Magic
 + Level 5.8 Ice Magic
 + Level 5.8 Air Magic
 + Level 5.8 Earth Magic
 + Level 5.8 Poison Magic
 + Level 7.7 Invocations
 + Level 7.5 Evocations


You had 25 spell levels left.
You didn't know any spells.
Your spell library contained the following spells:

 Spells                   Type           Power        Failure   Level  Hunger
 Summon Butterflies       Summ           #####...     19%         1    None
 Call Canine Familiar     Summ           #####...     47%         3    None
 Confusing Touch          Hex            #####...     47%         3    None
 Gell's Gravitas          Tloc           #####.....   47%         3    None
 Petrify                  Tmut/Erth      #####...     87%         4    ##.....
 Summon Ice Beast         Ice/Summ       #####...     87%         4    ##.....
 Metabolic Englaciation   Hex/Ice        #####.....   99%         5    ####...
 Summon Mana Viper        Hex/Summ       #####...     99%         5    ####...
 Yara's Violent Unravell  Hex/Tmut       #####.....   99%         5    ####...
 Summon Hydra             Summ           #####.....   100%        7    #######


Dungeon Overview and Level Annotations

Branches:
Dungeon (11/15)            Temple (1/1) D:7            Lair (3/6) D:10
  Swamp (0/4) Lair:2       Spider (0/4) Lair:3          Orc (0/2) D:9

Altars:
Ashenzari
Cheibriados
Dithmenos
Fedhas
Gozag
Hepliaklqana
Kikubaaqudgha
Makhleb
Nemelex Xobeh
Okawaru
Qazlal
Ru
Sif Muna
Trog
Uskayaw
Wu Jian
Yredelemnul
Zin
The Shining One

Shops:
D:4 *   D:6 ?   D:9 (   D:10 =

Annotations:
D:9 1 runed translucent door, Aggronaut's ghost, journeyman DrMo
D:11 Fannar


Innate Abilities, Weirdness & Mutations

Your experience applies equally to all skills.
You have very sharp teeth.
Your uncanny sense of smell can sniff out nearby items.


Message History

The six-headed hydra misses you.
The six-headed hydra closely misses you.
The six-headed hydra bites you.
* * * LOW HITPOINT WARNING * * *
Cheibriados lowers the support of your attributes as your movement quickens.
You hit the six-headed hydra. You bite the six-headed hydra.
The six-headed hydra is almost dead.
The six-headed hydra bites you!
* * * LOW HITPOINT WARNING * * *
You block the six-headed hydra's attack.
The six-headed hydra bites you.
* * * LOW HITPOINT WARNING * * *
You block the six-headed hydra's attack.
The six-headed hydra misses you. The six-headed hydra barely misses you.
The six-headed hydra completely misses you.
You block the six-headed hydra's attack.
The six-headed hydra bites you!
* * * LOW HITPOINT WARNING * * *
The six-headed hydra bites you!
You die...

#.^#...............##
^.#.#..............P##..
#.^..†.....#........#...
.#...^#.................
...^^^#.................
#>#^.^#.................
###.###.........$.......
^#^#^#..................
....^...#.......@.......
#####^.##P.#....D......#
..^#.## #..............#
.....# ##............#.
PP..P# ##..####.....#
.....# ..### (†.....
.....# #.. .......
.....## #.. .....#.
......##...


You could see a six-headed hydra.

Vanquished Creatures
  Harold (D:7)
  A queen ant (D:9)
  Sonja (Lair:2)
  A lindwurm (Lair:2)
  Pikel (D:8)
  A black mamba (Lair:1)
  4 spiny frogs
  3 komodo dragons
  A jumping spider (Lair:3)
  A troll (D:9)
  A hippogriff (D:11)
  5 blink frogs (Lair:1)
  A bog body (Lair:2)
  A wyvern (Lair:2)
  9 yaks
  A human (D:7)
  2 basilisks (D:10)
  2 hungry ghosts (D:9)
  3 hogs (D:7)
  A steam dragon (D:10)
  3 swamp worms (Lair:2)
  7 soldier ants (D:9)
  3 water moccasins
  2 porcupines
  2 ice beasts
  3 sky beasts
  An orc warrior (D:10)
  A slave (D:8)
  A hornet zombie (D:8)
  3 centaurs
  2 phantoms
  3 wolves (Lair:2)
  An ogre (D:9)
  8 crocodiles
  A big kobold (D:7)
  11 bullfrogs
  3 scorpions
  2 troll zombies (D:9)
  A water moccasin skeleton (D:8)
  3 electric eels (D:10)
  4 crimson imps
  6 hounds
  A centaur skeleton (D:4)
  2 orc priests
  2 jellies
  5 orc wizards
  A bullfrog skeleton (D:9)
  2 iguanas
  23 worker ants
  6 ogre zombies (D:9)
  A hound skeleton (D:9)
  15 adders
  4 shadow imps
  12 white imps (Lair:1)
  An ooze (D:3)
  An adder skeleton (D:9)
  2 worms (D:2)
  2 dart slugs
  3 leopard geckos
  11 orcs
  4 bats
  3 giant cockroaches
  5 goblins
  5 hobgoblins
  16 jackals
  5 quokkas
  2 ball pythons
  5 frilled lizards
  2 goblin skeletons (D:9)
  3 goblin zombies (D:9)
  4 hobgoblin zombies (D:9)
  13 kobolds
  A leopard gecko zombie (D:5)
  3 orc skeletons (D:9)
  13 orc zombies (D:9)
  4 rats
294 creatures vanquished.

Vanquished Creatures (others)
  A slave (D:8)
  A centaur (D:8)
  A fungus (Lair:2)
  4 plants (Lair:2)
7 creatures vanquished.

Grand Total: 301 creatures vanquished

Notes
Turn   | Place    | Note
-------+----------+-------------------------------------------
     0 | D:1      | ReteAZ the Gnoll Wanderer began the quest for the Orb.
     0 | D:1      | ReteAZ set off with the following items: a +2 hand
                  | crossbow, 25 bolts, a +0 ring mail, a potion of curing, a
                  | +0 dagger, a ration
     0 | D:1      | Reached XP level 1. HP: 20/20 MP: 2/2
   318 | D:1      | Reached XP level 2. HP: 26/26 MP: 3/3
   784 | D:1      | Reached XP level 3. HP: 24/31 MP: 4/4
   974 | D:2      | Reached skill level 1 in Invocations
  1345 | D:2      | Reached skill level 1 in Short Blades
  1345 | D:2      | Reached skill level 1 in Long Blades
  1345 | D:2      | Reached skill level 1 in Axes
  1345 | D:2      | Reached skill level 1 in Maces & Flails
  1345 | D:2      | Reached skill level 1 in Polearms
  1345 | D:2      | Reached skill level 1 in Staves
  1345 | D:2      | Reached skill level 1 in Slings
  1345 | D:2      | Reached skill level 1 in Bows
  1345 | D:2      | Reached skill level 1 in Armour
  1345 | D:2      | Reached skill level 1 in Shields
  1345 | D:2      | Reached skill level 1 in Unarmed Combat
  1345 | D:2      | Reached skill level 1 in Spellcasting
  1404 | D:2      | Reached XP level 4. HP: 32/38 MP: 6/6
  1716 | D:2      | Found a burning altar of Makhleb.
  2012 | D:3      | Reached skill level 1 in Conjurations
  2012 | D:3      | Reached skill level 1 in Hexes
  2012 | D:3      | Reached skill level 1 in Charms
  2012 | D:3      | Reached skill level 1 in Summonings
  2012 | D:3      | Reached skill level 1 in Necromancy
  2012 | D:3      | Reached skill level 1 in Translocations
  2012 | D:3      | Reached skill level 1 in Transmutations
  2012 | D:3      | Reached skill level 1 in Fire Magic
  2012 | D:3      | Reached skill level 1 in Ice Magic
  2012 | D:3      | Reached skill level 1 in Air Magic
  2012 | D:3      | Reached skill level 1 in Earth Magic
  2012 | D:3      | Reached skill level 1 in Poison Magic
  2100 | D:3      | Found a shadowy altar of Dithmenos.
  2179 | D:3      | Found a glowing golden altar of the Shining One.
  2187 | D:3      | Reached XP level 5. HP: 40/43 MP: 7/7
  2668 | D:4      | Reached XP level 6. HP: 5/50 MP: 8/8
  3138 | D:4      | Reached skill level 5 in Fighting
  3138 | D:4      | Reached skill level 5 in Crossbows
  3138 | D:4      | Reached skill level 5 in Dodging
  3385 | D:4      | Noticed a phantom
  3414 | D:4      | Killed a phantom
  3414 | D:4      | Reached XP level 7. HP: 39/56 MP: 10/10
  3473 | D:4      | Found Lanaum Nula's Assorted Antiques.
  3609 | D:4      | Found a hide-covered altar of Uskayaw.
  3798 | D:5      | Entered Level 5 of the Dungeon
  3908 | D:5      | Found a shattered altar of Ashenzari.
  4161 | D:5      | Reached skill level 5 in Stealth
  4723 | D:6      | Reached XP level 8. HP: 56/63 MP: 12/12
  5022 | D:6      | Found Ysauzx Kill's Magic Scroll Shop.
  5030 | D:6      | Bought a scroll of enchant armour for 82 gold pieces
  5030 | D:6      | Bought a scroll of blinking for 82 gold pieces
  5440 | D:7      | Found a staircase to the Ecumenical Temple.
  5440 | D:7      | Noticed Harold
  5472 | D:7      | Killed Harold
  5472 | D:7      | Reached XP level 9. HP: 56/69 MP: 12/14
  5487 | Temple   | Entered the Ecumenical Temple
  5506 | Temple   | Became a worshipper of Cheibriados the Contemplative
  5851 | D:7      | Reached skill level 5 in Throwing
  5851 | D:7      | Reached skill level 5 in Evocations
  6342 | D:8      | Found a basalt altar of Yredelemnul.
  6342 | D:8      | Noticed Pikel
  6408 | D:8      | Killed Pikel
  6408 | D:8      | Reached skill level 5 in Invocations
  6689 | D:8      | Reached XP level 10. HP: 50/77 MP: 17/17
  6692 | D:8      | Reached * piety under Cheibriados
  6824 | D:8      | Found a sparkling altar of Nemelex Xobeh.
  6980 | D:8      | Found a stormy altar of Qazlal.
  7177 | D:9      | Found a staircase to the Orcish Mines.
  7454 | D:9      | Reached ** piety under Cheibriados
  7466 | D:9      | Reached skill level 5 in Short Blades
  7466 | D:9      | Reached skill level 5 in Long Blades
  7466 | D:9      | Reached skill level 5 in Axes
  7466 | D:9      | Reached skill level 5 in Maces & Flails
  7466 | D:9      | Reached skill level 5 in Polearms
  7466 | D:9      | Reached skill level 5 in Staves
  7466 | D:9      | Reached skill level 5 in Slings
  7466 | D:9      | Reached skill level 5 in Bows
  7466 | D:9      | Reached skill level 5 in Armour
  7466 | D:9      | Reached skill level 5 in Shields
  7466 | D:9      | Reached skill level 5 in Unarmed Combat
  7466 | D:9      | Reached skill level 5 in Spellcasting
  7870 | D:9      | Found Qiboaxue's Antique Weapon Shoppe.
  8196 | D:9      | Found the +2 shield of Resistance {rF+ rC+ MR+}
  8199 | D:9      | Found a runed translucent door.
  8210 | D:9      | Noticed Aggronaut's ghost (journeyman DrMo)
  8560 | D:9      | Found a shimmering blue altar of Sif Muna.
  8651 | D:9      | Found a blossoming altar of Fedhas.
  8701 | D:9      | Noticed a queen ant
  8725 | D:9      | Killed a queen ant
  8758 | D:9      | Reached *** piety under Cheibriados
  8770 | D:9      | Reached XP level 11. HP: 38/84 MP: 19/19
  9849 | D:10     | Entered Level 10 of the Dungeon
 10369 | D:10     | Reached **** piety under Cheibriados
 10388 | D:10     | Reached skill level 5 in Conjurations
 10388 | D:10     | Reached skill level 5 in Hexes
 10388 | D:10     | Reached skill level 5 in Charms
 10388 | D:10     | Reached skill level 5 in Summonings
 10388 | D:10     | Reached skill level 5 in Necromancy
 10388 | D:10     | Reached skill level 5 in Translocations
 10388 | D:10     | Reached skill level 5 in Transmutations
 10388 | D:10     | Reached skill level 5 in Fire Magic
 10388 | D:10     | Reached skill level 5 in Ice Magic
 10388 | D:10     | Reached skill level 5 in Air Magic
 10388 | D:10     | Reached skill level 5 in Earth Magic
 10388 | D:10     | Reached skill level 5 in Poison Magic
 10804 | D:10     | Found a staircase to the Lair.
 11122 | D:10     | Found Xegetiunys's Jewellery Boutique.
 11254 | D:9      | Bought a faintly glowing morningstar for 225 gold pieces
 11254 | D:9      | Identified the +7 morningstar of Twilight {vorpal, Int+3
                  | Dex+2} (You bought it in a shop on level 9 of the Dungeon)
 11327 | D:11     | Noticed Fannar
 11488 | Lair:1   | Entered Level 1 of the Lair of Beasts
 12051 | Lair:1   | Found a frozen archway.
 12556 | Lair:2   | Noticed Sonja
 12575 | Lair:2   | Killed Sonja
 12575 | Lair:2   | Reached ***** piety under Cheibriados
 12575 | Lair:2   | Reached XP level 12. HP: 59/93 MP: 20/22
 12925 | Lair:2   | Found a staircase to the Swamp.
 13763 | Lair:3   | Found a hole to the Spider Nest.
 13793 | Lair:3   | Noticed a six-headed hydra
 13804 | Lair:3   | HP: 2/94 [six-headed hydra (11)]
 13804 | Lair:3   | Mangled by a six-headed hydra

Levels and vault maps discovered:
D:1:      psy_arrival_dodecagon, layout_basic
D:2:      layout_basic, lemuel_coloured_pillars_altar
D:3:      layout_basic, marbit_many_paths, overflow_temple_1_default
D:4:      layout_basic, lemuel_round_altar, serial_shops,
          nicolae_shop_behind_doors, dk_rats_in_the_wall
D:5:      layout_cave_pools, nicolae_ashenzari_panopticon, first_ration
D:6:      layout_cave_pools, serial_shops, shop
D:7:      layout_rooms, minmay_temple_entry_hall, grunt_livestock, uniq_harold
D:8:      layout_rooms, old_standard_altar, kennysheep_mini,
          lemuel_crystal_altar, uniq_pikel
D:9:      layout_layer_cave, kennysheep_mini_moat, zombieorc2_lemuel,
          basic_altar, serial_shops, shop, ebering_ghost_inner_flame,
          zaba_antful_of_joy
D:10:     layout_basic, erik_lair_dragon, serial_shops, shop
D:11:     layout_gridville, serial_shops, shop, uniq_fannar
Temple:   cyrus_circular_temple
Lair:1:   layout_gridlike, portal_ice_cave_entry_imps, grunt_megastairs_3
Lair:2:   layout_long_grid, skrybe_swamp_entry_bodies,
          nicolae_volcano_entry_vermiform, worms_lemuel, uniq_sonja
Lair:3:   layout_hall_layers, spider_nest_entry_rubble, lemuel_old_faithful,
          grunt_megastairs_2

Skill      XL: |  1  2  3  4  5  6  7  8  9 10 11 12 |
---------------+-------------------------------------+-----
Invocations    | 1 2 3 4 5 6 7 |  7.7
Short Blades   | 1 2 3 4 5 6 7 |  7.0
Long Blades    | 1 2 3 4 5 6 7 |  7.0
Axes           | 1 2 3 4 5 6 7 |  7.0
Maces & Flails | 1 2 3 4 5 6 7 |  7.0
Polearms       | 1 2 3 4 5 6 7 |  7.0
Staves         | 1 2 3 4 5 6 7 |  7.0
Slings         | 1 2 3 4 5 6 7 |  7.0
Bows           | 1 2 3 4 5 6 7 |  7.0
Armour         | 1 2 3 4 5 6 7 |  7.0
Shields        | 1 2 3 4 5 6 7 |  7.0
Unarmed Combat | 1 2 3 4 5 6 7 |  7.0
Spellcasting   | 1 2 3 4 5 6 7 |  7.0
Conjurations   | 1 2 3 4 5 |  5.8
Hexes          | 1 2 3 4 5 |  5.8
Charms         | 1 2 3 4 5 |  5.8
Summonings     | 1 2 3 4 5 |  5.8
Necromancy     | 1 2 3 4 5 |  5.8
Translocations | 1 2 3 4 5 |  5.8
Transmutations | 1 2 3 4 5 |  5.8
Fire Magic     | 1 2 3 4 5 |  5.8
Ice Magic      | 1 2 3 4 5 |  5.8
Air Magic      | 1 2 3 4 5 |  5.8
Earth Magic    | 1 2 3 4 5 |  5.8
Poison Magic   | 1 2 3 4 5 |  5.8
Throwing       | 3 4 5 6 7 |  7.5
Evocations     | 3 4 5 6 7 |  7.5
Fighting       | 5 6 7 8 |  8.5
Crossbows      | 5 6 7 8 |  8.5
Dodging        | 5 6 7 8 |  8.5
Stealth        | 5 6 7 8 |  8.3

Action                   |  1- 3 |  4- 6 |  7- 9 | 10-12 || total
-------------------------+-------+-------+-------+-------++-------
Melee: Dagger            |     9 |       |       |       ||     9
       Short sword       |    79 |    21 |       |       ||   100
       Bite              |    13 |    26 |    25 |   114 ||   178
       Whip              |       |   152 |   206 |   409 ||   767
       Morningstar       |       |       |       |   172 ||   172
 Fire: Hand crossbow     |       |    31 |   106 |   150 ||   287
Throw: Dart              |    10 |    17 |       |       ||    27
       Stone             |     1 |       |       |       ||     1
Invok: Slouch            |       |       |       |     3 ||     3
Evoke: Wand              |       |       |       |     4 ||     4
  Use: Scroll            |       |     2 |     1 |       ||     3
       Potion            |       |       |     6 |     5 ||    11
 Stab: Sleeping          |     5 |     5 |       |     3 ||    13
       Invisible         |       |       |     9 |       ||     9
  Eat: Chunk             |     2 |     6 |    13 |    16 ||    37
       Ration            |       |       |       |     2 ||     2
Armor: Ring mail         |    21 |    52 |    40 |    70 ||   183
       Leather armour    |       |    11 |       |       ||    11
       Plate armour      |       |       |       |   114 ||   114
Dodge: Dodged            |    52 |    79 |    68 |   292 ||   491
Block: Kite shield       |       |    71 |    82 |   356 ||   509

Table legend:
 A = Non-vault XP
 B = Vault XP
 C = Vault XP percentage of total XP
 D = Non-vault monster count
 E = Vault monster count
 F = Vault count percentage of total count
                 A         B        C        D         E       F
            +---------+---------+-------+---------+---------+-------
      Total |   11655 |   10901 |  48.3 |     191 |     102 |  34.8
            +---------+---------+-------+---------+---------+-------
        D:1 |      34 |       0 |   0.0 |      12 |       0 |   0.0
        D:2 |      77 |       0 |   0.0 |      22 |       0 |   0.0
        D:3 |      82 |       0 |   0.0 |      18 |       0 |   0.0
        D:4 |     571 |       0 |   0.0 |      28 |       0 |   0.0
        D:5 |     379 |       0 |   0.0 |      15 |       0 |   0.0
        D:6 |     391 |       0 |   0.0 |       9 |       0 |   0.0
        D:7 |     177 |    1956 |  91.7 |       9 |       6 |  40.0
        D:8 |     467 |     629 |  57.4 |       9 |       1 |  10.0
        D:9 |    1668 |    3411 |  67.2 |      19 |      64 |  77.1
       D:10 |     886 |    1139 |  56.2 |      15 |       6 |  28.6
       D:11 |     365 |       0 |   0.0 |       3 |       0 |   0.0
     Lair:1 |    3510 |    1238 |  26.1 |      16 |      18 |  52.9
     Lair:2 |    1941 |    2222 |  53.4 |      11 |       6 |  35.3
     Lair:3 |    1107 |     306 |  21.7 |       5 |       1 |  16.7
            +---------+---------+-------+---------+---------+-------
